 Seeded DCSS version 0.29-a0-362-g5854e031c7 (webtiles) character file.

Game seed: 16159354105524068321 (custom seed)

80 zeratav the Shooter (level 4, -1/26 HPs)
             Began as a Tengu Hunter on Apr 29, 2022.
             Slain by an orc priest
             ... wielding a +0 short sword
              (2 damage)
             ... on level 2 of the Dungeon.
             The game lasted 00:02:50 (1886 turns).

zeratav the Shooter (Tengu Hunter)                  Turns: 1886, Time: 00:02:51

Health: -1/26      AC:  1    Str: 11    XL:     4   Next: 39%
Magic:  5/5        EV:  9    Int:  9    God:
Gold:   110        SH:  0    Dex: 20    Spells: 3/3 levels left

rFire   + . .      SeeInvis .   a - +1 shortbow {bow}
rCold   + . .      Faith    .   (shield currently unavailable)
rNeg    + . .      Spirit   .   b - +0 leather armour
rPois   +          Reflect  .   q - -2 hat of the Alchemist {rElec rPois rF+ rC+ rN+ Will+ rMut rCorr}
rElec   +          Harm     .   (no cloak)
rCorr   +          Rampage  .   (no gloves)
rMut    +                       (boots unavailable)
Will    +....                   (no amulet)
Stlth   ++........              i - +4 ring of slaying
HPRegen 0.08/turn               (no ring)
MPRegen 0.09/turn

@: constricted
A: beak, talons 3
a: no special abilities


You were on level 2 of the Dungeon.
You visited 1 branch of the dungeon, and saw 3 of its levels.

You collected 110 gold pieces.


Innate Abilities, Weirdness & Mutations

You have a beak for a mouth.
You have claws for feet.


   Skills:
 - Level 2.0 Fighting
 + Level 6.3 Bows
 - Level 2.1 Dodging
 - Level 1.0 Stealth


You had 3 spell levels left.
You didn't know any spells.
Your spell library was empty.

Inventory:

Hand Weapons
 a - a +1 shortbow (weapon) {bow}
 v - a +0 dagger of venom {short}
   (You took it off a goblin on level 2 of the Dungeon)
Armour
 b - a +0 leather armour (worn)
 e - a +0 ring mail
   (You found it on level 1 of the Dungeon)
 h - a +0 leather armour
   (You found it on level 1 of the Dungeon)
 q - the -2 hat of the Alchemist (worn) {rElec rPois rF+ rC+ rN+ Will+ rMut rCorr}
   (You acquired it on level 2 of the Dungeon)

   rF:        It protects you from fire.
   rC:        It protects you from cold.
   rElec:     It insulates you from electricity.
   rPois:     It protects you from poison.
   rN:        It protects you from negative energy.
   rCorr:     It protects you from acid and corrosion.
   rMut:      It protects you from mutation.
   Will:      It increases your willpower.
 r - a +0 chain mail
   (You took it off Terence on level 2 of the Dungeon)
 t - the +2 kite shield "Maggolom" {rPois rCorr}
   (You found it on level 2 of the Dungeon)

   rPois:     It protects you from poison.
   rCorr:     It protects you from acid and corrosion.
 u - a +0 ring mail
   (You found it on level 2 of the Dungeon)
Jewellery
 g - a ring of poison resistance
   (You found it on level 1 of the Dungeon)
 i - a +4 ring of slaying (left hand)
   (You found it on level 1 of the Dungeon)
Scrolls
 c - a scroll of immolation {!r!r}
 j - a scroll of fear {unknown}
 l - 3 scrolls of blinking {unknown}
 m - 2 scrolls of magic mapping {unknown}
 o - 6 scrolls of identify {unknown}
 p - 4 scrolls of amnesia {unknown}
 w - 2 scrolls of torment {unknown}
 x - a scroll of holy word {unknown}
Potions
 d - a potion of might {unknown}
 f - 2 potions of curing {unknown}
 k - a potion of cancellation {unknown}
 n - 2 potions of ambrosia {unknown}
 s - a potion of heal wounds {unknown}

Dungeon Overview and Level Annotations

Branches:
Dungeon (3/15)

Altars:

.<.#......................(#
...##...(............#######
....#..........(.#...#
#...#######...#......#
#....#...............#
##.8.+.........<.....#
##...#+....)#..#.....#
###)###.....#.#......############
...............o@................
#...........#.#S.#.#.############
#####.......#.#..#...#......<.#..
#########.#.#.#..#...#.########.#
............#.#..#...#.# #.#
.......##............#.# #.#
.......######.#....#.#.########.#
.......'............>............
.......######.#.##.##.###########


You could see an orc priest and a ball python.


Message History

There is an open door here.
Found a stone staircase leading up.
There is an escape hatch in the floor here.
Found an escape hatch in the ceiling.
x - a scroll labelled YVVOARR BIMI
There is an escape hatch in the ceiling here.
There is an open door here.
o - 6 scrolls labelled LOQAWN XUDAMO (gained 1)
You open the door.
There is an open door here.
Found a stone staircase leading down.
A rat comes into view.
A rat is nearby!
You shoot an arrow. The arrow hits the rat.
You kill the rat!
No target in view!
No target in view!
m - 2 scrolls labelled ROHOGH XUJYG (gained 1)
You open the door.
There is an open door here.
There is an open door here.
You see here a +0 rapier {short}.
A bat comes into view.
You shoot an arrow. The arrow hits the bat.
You shoot an arrow. The arrow hits the bat!
You kill the bat!
No target in view!
A rat comes into view.
You shoot an arrow. The arrow hits the rat!
You kill the rat!
No target in view!
There is a stone staircase leading up here.
You see here a +0 club {mace}.
Done exploring.
(D) Dungeon
Where to? (Enter - D:2 @ (x,y), ? - help)
There is a stone staircase leading down here.
You climb downwards.
The orc shouts!
There is a stone staircase leading up here.
There are monsters nearby!
The orc shouts!
The ball python hisses angrily.
You climb upwards.
There is a stone staircase leading down here.
You climb downwards.
The orc throws a boomerang.
The boomerang closely misses you. The ball python bites you.
The ball python grabs you. The ball python constricts you.
There is a stone staircase leading up here.
HP[-2]
You take 2 damage, and now have 24/26 hp.
You escape the ball python's grasp.
The orc priest hits you but does no damage.
You climb upwards.
There is a stone staircase leading down here.
HP[+1]
You shoot an arrow.
The arrow closely misses the orc priest.
The ball python bites you. The ball python closely misses you.
The orc priest looks satisfied for a moment.
The ball python misses you. The ball python closely misses you.
HP[-2]
You take 2 damage, and now have 23/26 hp.
You shoot an arrow. The arrow hits the orc priest!
The orc priest hits you with a +0 short sword.
The ball python barely misses you. The ball python grabs you.
The ball python constricts you.
The orc priest hits you with a +0 short sword.
* * * LOW HITPOINT WARNING * * *
HP[-10]
You take 10 damage, and now have 13/26 hp.
MASSIVE DAMAGE!! (PAUSE)
You are too injured to fight recklessly!
You are too injured to fight recklessly!
Shoot: a) +1 shortbow {bow}
Press: ? - help, Q - select action Shift-Dir - straight line, f/p - orc priest
Aim: an orc priest, wielding a +0 short sword (severely wounded, 71% to hit)
You shoot an arrow. The arrow hits the orc priest.
The ball python bites you.
* * * LOW HITPOINT WARNING * * *
The ball python constricts you.
* * * LOW HITPOINT WARNING * * *
The ball python bites you but does no damage.
The ball python constricts you.
* * * LOW HITPOINT WARNING * * *
The orc priest hits you with a +0 short sword.
* * * LOW HITPOINT WARNING * * *
HP[-8]
You take 8 damage, and now have 5/26 hp.
MASSIVE DAMAGE!! (PAUSE) Shoot: a) +1 shortbow {bow}
Press: ? - help, Q - select action Shift-Dir - straight line, f/p - orc priest
Aim: an orc priest, wielding a +0 short sword (almost dead, 71% to hit)
You shoot an arrow.
The arrow closely misses the orc priest.
The ball python bites you.
* * * LOW HITPOINT WARNING * * *
The ball python constricts you.
* * * LOW HITPOINT WARNING * * *
The orc priest hits you with a +0 short sword.
You die...

Skill      XL: |  1  2  3 |
---------------+----------+-----
Bows           | 5 6 |  6.3
Fighting       | |  2.0
Dodging        | |  2.1
Stealth        | |  1.0

Action                   |  1- 3 |  4- 6 || total
-------------------------+-------+-------++-------
 Fire: Shortbow          |    47 |    33 ||    80
  Use: Scroll            |       |     1 ||     1
Armor: Leather armour    |     3 |     2 ||     5
Dodge: Dodged            |     9 |     9 ||    18

Levels and vault maps discovered:
D:1:      lightli_arrival_maybe_door_vault, layout_basic,
          chequers_ecumenical_altar_simple_redux
D:2:      layout_basic, grunt_ministairs_13, roderic_nine_men_s_morris,
          uniq_terence
D:3:      layout_loops_ring, item_on_display_a

Notes
Turn   | Place    | Note
-------+----------+-------------------------------------------
     0 | D:1      | zeratav the Tengu Hunter began the quest for the Orb.
     0 | D:1      | Reached XP level 1. HP: 12/12 MP: 2/2
     0 | D:1      | magus.rc [v1.9.6]
    80 | D:1      | Found a faded altar of an unknown god.
   110 | D:1      | Reached XP level 2. HP: 12/17 MP: 3/3
   326 | D:1      | Reached skill level 5 in Bows
   833 | D:1      | Reached XP level 3. HP: 21/21 MP: 4/4
   982 | D:2      | Noticed Terence
   988 | D:2      | Killed Terence
   989 | D:2      | Reached skill level 6 in Bows
  1102 | D:2      | Reached XP level 4. HP: 26/26 MP: 5/5
  1129 | D:2      | Identified a scroll of acquirement
  1129 | D:2      | Acquired the -2 hat of the Alchemist {rElec rPois rF+ rC+
                  | rN+ Will+ rMut rCorr}
  1129 | D:2      | Found the -2 hat of the Alchemist {rElec rPois rF+ rC+ rN+
                  | Will+ rMut rCorr}
  1321 | D:2      | Identified the +2 kite shield "Maggolom" {rPois rCorr}
  1885 | D:2      | HP: 5/26 [orc priest/+0 short sword (4)]
  1886 | D:2      | HP: 2/26 [ball python (3)]
  1886 | D:2      | Slain by an orc priest

Vanquished Creatures
  Terence (D:2)
  A worm (D:2)
  3 dart slugs (D:1)
  2 endoplasms
  7 goblins
  5 hobgoblins
  5 jackals (D:2)
  A quokka (D:2)
  3 ball pythons
  4 bats
  4 kobolds
  8 rats
44 creatures vanquished.

Table legend:
 A = Non-vault XP
 B = Vault XP
 C = Vault XP percentage of total XP
 D = Non-vault monster count
 E = Vault monster count
 F = Vault count percentage of total count
                 A         B        C        D         E       F
            +---------+---------+-------+---------+---------+-------
      Total |      77 |      38 |  33.0 |      41 |       3 |   6.8
            +---------+---------+-------+---------+---------+-------
        D:1 |      35 |       0 |   0.0 |      18 |       0 |   0.0
        D:2 |      42 |      38 |  47.5 |      23 |       3 |  11.5
            +---------+---------+-------+---------+---------+-------

Illustrated notes

Table legend:
 A = Kills in this place as a percentage of kills in entire the game.
 B = Kills by you in this place as a percentage of kills by you in the entire game.
 C = Kills by friends in this place as a percentage of kills by friends in the entire game.
 D = Other kills in this place as a percentage of other kills in the entire game.
 E = Experience gained in this place as a percentage of experience gained in the entire game.
 F = Experience gained in this place divided by the number of levels of this place that you have seen.
                   A       B       C       D       E      F
               +-------+-------+-------+-------+-------+----------------------
         Total | 100.0 | 100.0 |   N/A |   N/A | 100.0 |  38.3
       Dungeon | 100.0 | 100.0 |   N/A |   N/A | 100.0 |  38.3
               +-------+-------+-------+-------+-------+----------------------

Table legend: (Time is in decaauts)
 A = Elapsed time spent in this place.
 B = Non-inter-level travel time spent in this place.
 C = Inter-level travel time spent in this place.
 D = Time resting spent in this place.
 E = Time spent auto-exploring this place.
 F = Levels seen in this place.
 G = Mean time per level.
                   A        B        C        D        E       F      G
               +--------+--------+--------+--------+--------+-----+--------+
         Total |   1907 |   1862 |     45 |    102 |   1560 |   3 |  635.7 |
       Dungeon |   1907 |   1862 |     45 |    102 |   1560 |   3 |  635.7 |
               +--------+--------+--------+--------+--------+-----+--------+

Top non-repeatable levels by time:
     D:2: 954 daAuts
     D:1: 949 daAuts
     D:3: 4 daAuts
